 Dungeon Crawl Stone Soup version 0.24-a0-408-gcc1054c7ca (webtiles) character file.

Game seed: 16964865422500471839

2251 Kuinu the Fighter (level 9, -20/82 HPs)
             Began as a Minotaur Berserker on June 5, 2019.
             Was a High Priest of Trog.
             Demolished by a white ugly thing (28 damage)
             ... on level 7 of the Dungeon.
             The game lasted 00:12:59 (4708 turns).

Kuinu the Fighter (Minotaur Berserker)              Turns: 4708, Time: 00:13:00

Health: -20/82     AC:  7    Str: 25    XL:     9   Next: 15%
Magic:  8/8        EV: 20    Int:  4    God:    Trog [*****.]
Gold:   380        SH:  0    Dex: 18    Spells: 8/8 levels left

rFire    + . .     SeeInvis .   H - +3 battleaxe (flame)
rCold    . . .     Gourm    .   (shield currently unavailable)
rNeg     . . .     Faith    +   O - +0 leather armour of Beogh's Generosity {rElec rF+ MR+} (curse)
rPois    .         Spirit   .   (helmet restricted)
rElec    +         Reflect  .   (no cloak)
rCorr    .         Harm     .   m - +0 pair of gloves
MR       +....                  y - +1 pair of boots
Stlth    ++........             p - amulet of faith
HPRegen  0.23/turn              E - +3 ring of dexterity
MPRegen  0.11/turn              (no ring)

@: agile, berserk cooldown, slowed, very slow
A: retaliatory headbutt, horns 2
a: Berserk, Trog's Hand, Brothers in Arms, Renounce Religion


You were on level 7 of the Dungeon.
You worshipped Trog.
Trog was extremely pleased with you.
You were hungry.

You visited 1 branch of the dungeon, and saw 7 of its levels.
You also visited: Ossuary.

You collected 380 gold pieces.

Inventory:

Hand Weapons
 a - a +1 hand axe
 H - a +3 battleaxe of flaming (weapon)
Armour
 b - a +0 animal skin
 l - a +0 pair of gloves
 m - a +0 pair of gloves (worn)
 v - a +0 ring mail
 y - a +1 pair of boots (worn)
 B - a +0 pair of boots
 C - a +0 pair of gloves
 O - the cursed +0 leather armour of Beogh's Generosity (worn) {rElec rF+ MR+}
   (You took it off a gnoll on level 7 of the Dungeon)

   It protects you from fire.
   It insulates you from electricity.
   It affects your resistance to hostile enchantments.
   It has a curse placed upon it.
Jewellery
 p - an amulet of faith (around neck)
 t - an uncursed amulet of guardian spirit
 E - a +3 ring of dexterity (left hand)
 L - a cursed -3 ring of intelligence {unknown}
Wands
 x - a wand of paralysis (15)
 A - a wand of clouds (6)
 J - a wand of flame (25)
 K - a wand of enslavement (7)
 P - a wand of iceblast (10)
Scrolls
 e - 2 scrolls of random uselessness
 f - a scroll of fear {unknown}
 g - 5 scrolls of teleportation
 i - 8 scrolls of remove curse
 k - a scroll of noise {unknown}
 n - 3 scrolls of enchant weapon
 o - a scroll of fog {unknown}
 s - a scroll of enchant armour
 z - 2 scrolls of amnesia
 F - 2 scrolls of identify
 M - a scroll of immolation {unknown}
Potions
 d - a potion of haste {unknown}
 h - a potion of magic {unknown}
 j - 5 potions of curing {unknown}
 q - 3 potions of might {unknown}
 r - a potion of heal wounds {unknown}
 u - 2 potions of mutation
 w - 3 potions of brilliance
 D - 2 potions of agility
 G - a potion of invisibility {unknown}
 N - 2 potions of lignification {unknown}
Comestibles
 c - 14 rations
 I - 7 chunks of flesh


   Skills:
 * Level 8.6 Fighting
 * Level 8.6 Axes
 * Level 8.1 Armour
 + Level 5.4 Dodging


You had 8 spell levels left.
You didn't know any spells.
Your spell library was empty.

Dungeon Overview and Level Annotations

Branches:
Dungeon (7/15)             Temple (0/1) D:5

Altars:
Wu Jian

Shops:
D:5 ?=(?}   D:6 =


Innate Abilities, Weirdness & Mutations

You reflexively headbutt those who attack you in melee.
You have a pair of horns on your head.


Message History

You furiously retaliate!
You headbutt the white ugly thing. The white ugly thing stings you.
The white ugly thing freezes you!!
You are too injured to fight recklessly!
Unknown command.
You are too injured to fight recklessly!
A red film seems to cover your vision as you go berserk!
You feel yourself moving faster!
You feel mighty!
You are feeling hungry.
The white ugly thing stings you! The white ugly thing freezes you!!
* * * LOW HITPOINT WARNING * * *
You feel a strong urge to attack something.
You feel your anger nearly subside.
You are no longer berserk.
You are exhausted.
You feel yourself slow down.
You feel agile all of a sudden. The white ugly thing stings you.
* * * LOW HITPOINT WARNING * * *
The white ugly thing freezes you!!
You die...

..#### #.#
....############.#
..#.##.........#.#
#.#.##.#####.#.#.#
..#.##.......#.#.#
###..........#.#.#
...........#...#.#
##########.#.###u#
#.#.###@# #######
#.#.....# ......#
#.####### ......#
#.# ......# #.#
......####.#
......'.<#.#
......#### ......#


You could see a white ugly thing.

Vanquished Creatures
  Grinder (D:5)
  A vampire (D:7)
  2 orc warriors (D:6)
  A sky beast (D:5)
  A phantom (D:4)
  3 ogres
  A necrophage (D:6)
  A scorpion (D:5)
  A centaur zombie (D:6)
  4 crimson imps
  A jelly (D:5)
  3 hounds
  6 orc wizards
  A gnoll shaman (D:5)
  2 orc priests
  An iguana (D:4)
  3 worker ants
  6 big kobold zombies (Ossuary)
  2 hound skeletons
  A hound zombie (D:6)
  2 mummies
  12 gnolls
  4 adders
  A shadow imp (D:6)
  3 oozes
  An adder zombie (D:6)
  An adder skeleton (D:5)
  5 worms
  3 dart slugs (D:2)
  A leopard gecko (D:2)
  17 orcs
  4 spectral bats (Ossuary)
  A ball python (D:2)
  5 bats
  3 giant cockroaches
  5 goblins
  8 hobgoblins
  3 jackals (D:4)
  6 kobolds
  A quokka (D:2)
  4 bat simulacra (Ossuary)
  3 frilled lizards
  6 gnoll zombies (Ossuary)
  6 goblin simulacra (Ossuary)
  5 goblin zombies (Ossuary)
  2 hobgoblin zombies (Ossuary)
  3 kobold simulacra (Ossuary)
  5 kobold zombies (Ossuary)
  A leopard gecko skeleton (D:4)
  A leopard gecko zombie (D:6)
  6 orc zombies (Ossuary)
  8 rats
  2 rat simulacra (Ossuary)
  4 spectral goblins (Ossuary)
  4 spectral kobolds (Ossuary)
  6 spectral rats (Ossuary)
194 creatures vanquished.

Notes
Turn   | Place    | Note
-------+----------+-------------------------------------------
     0 | D:1      | Kuinu the Minotaur Berserker began the quest for the Orb.
     0 | D:1      | Reached XP level 1. HP: 19/19 MP: 0/0
   162 | D:1      | Reached XP level 2. HP: 26/27 MP: 1/1
   460 | D:2      | Reached XP level 3. HP: 33/33 MP: 2/2
   821 | D:2      | Reached XP level 4. HP: 41/41 MP: 3/3
  1003 | D:2      | Reached ** piety under Trog
  1548 | D:3      | Reached XP level 5. HP: 40/47 MP: 4/4
  1553 | D:3      | Reached skill level 5 in Fighting
  1860 | D:4      | Found an ornate altar of the Wu Jian Council.
  1873 | D:4      | Reached *** piety under Trog
  1873 | D:4      | Reached skill level 5 in Axes
  1937 | D:4      | Noticed an ogre
  1948 | D:4      | Killed an ogre
  1948 | D:4      | Reached XP level 6. HP: 38/56 MP: 5/5
  2168 | D:4      | Reached skill level 5 in Armour
  2342 | D:5      | Entered Level 5 of the Dungeon
  2369 | D:5      | Found Keskest's Antique Weapon Emporium.
  2379 | D:5      | Reached XP level 7. HP: 58/63 MP: 6/6
  2384 | D:5      | Found a staircase to the Ecumenical Temple.
  2475 | D:5      | Found Asoin's Jewellery Emporium.
  2641 | D:5      | Noticed Grinder
  2661 | D:5      | Killed Grinder
  2661 | D:5      | Reached XP level 8. HP: 69/73 MP: 7/7
  2669 | D:5      | Found a sand-covered staircase.
  2679 | Ossuary  | Entered an ossuary
  2737 | Ossuary  | Reached **** piety under Trog
  2881 | Ossuary  | Reached ***** piety under Trog
  3159 | D:5      | Found Pyniyqax's Gadget Shop.
  3234 | D:5      | Found Efacluc's Magic Scroll Emporium.
  3347 | D:5      | Found Plog's Magic Scroll Emporium.
  3613 | D:6      | Received a gift from Trog
  4019 | D:6      | Found Bouxolecw's Jewellery Shoppe.
  4024 | D:6      | Reached skill level 5 in Dodging
  4384 | D:7      | Reached XP level 9. HP: 82/82 MP: 8/8
  4532 | D:7      | Identified the cursed +0 leather armour of Beogh's
                  | Generosity {rElec rF+ MR+}
  4697 | D:7      | Noticed a white ugly thing
  4708 | D:7      | Demolished by a white ugly thing

Levels and vault maps discovered:
D:1:      dpeg_arrival_rhombus, layout_rooms
D:2:      layout_rooms, interstate_on_off
D:3:      layout_loops_ring
D:4:      layout_rooms, overflow_temple_1_default, serial_forest,
          infiniplex_forest_lined_2, infiniplex_forest_lined_2,
          infiniplex_forest_straight_2, infiniplex_forest_clump_medium,
          serial_bayou_pond_d, kennysheep_dice
D:5:      layout_layer_cave, minmay_temple_entry_glass,
          gup_ossuary_entry_pyramid, serial_shops, shop, kennysheep_little_box,
          kennysheep_mini_moat, shop, kennysheep_mini, first_ration,
          uniq_grinder
D:6:      layout_loops_ring, serial_shops, shop
D:7:      layout_basic, gammafunk_ghost_nasty_kobolds, grunt_dithmenos_smoke,
          uniq_prince_ribbit1

Skill      XL: |  1  2  3  4  5  6  7  8  9 |
---------------+----------------------------+-----
Axes           | 4 5 6 8 |  8.6
Fighting       | 4 5 6 7 8 |  8.6
Armour         | 3 4 5 6 7 8 |  8.1
Dodging        | 3 4 5 |  5.4

Action                   |  1- 3 |  4- 6 |  7- 9 || total
-------------------------+-------+-------+-------++-------
Melee: Hand axe          |    44 |   138 |   235 ||   417
       Headbutt          |     7 |    28 |    58 ||    93
       Battleaxe         |       |       |    63 ||    63
Invok: Berserk           |       |     1 |     4 ||     5
       Trog's Hand       |       |       |     2 ||     2
  Use: Scroll            |       |       |     8 ||     8
       Potion            |       |       |     1 ||     1
  Eat: Chunk             |       |     6 |    11 ||    17
Armor: Animal skin       |     8 |     6 |       ||    14
       Ring mail         |       |    26 |   103 ||   129
       Leather armour    |       |       |     1 ||     1
Dodge: Dodged            |    34 |    73 |   135 ||   242

Table legend:
 A = Non-vault XP
 B = Vault XP
 C = Vault XP percentage of total XP
 D = Non-vault monster count
 E = Vault monster count
 F = Vault count percentage of total count
                 A         B        C        D         E       F
            +---------+---------+-------+---------+---------+-------
      Total |    2555 |     662 |  20.6 |     126 |      68 |  35.1
            +---------+---------+-------+---------+---------+-------
        D:1 |      41 |       0 |   0.0 |      14 |       0 |   0.0
        D:2 |     110 |       0 |   0.0 |      22 |       0 |   0.0
        D:3 |     101 |       0 |   0.0 |      23 |       0 |   0.0
        D:4 |     213 |     121 |  36.2 |      11 |       2 |  15.4
        D:5 |     620 |     299 |  32.5 |      15 |       2 |  11.8
        D:6 |    1013 |       0 |   0.0 |      29 |       0 |   0.0
        D:7 |     457 |       0 |   0.0 |      12 |       0 |   0.0
    Ossuary |       0 |     242 | 100.0 |       0 |      64 | 100.0
            +---------+---------+-------+---------+---------+-------
